BSA
NASSAU ROCKETS @ PHILADELPHIA ATHLETICS
03/28/2028
 
TOP OF THE 1ST
Nassau Rockets batting - Pitching for Niagara Falls Frenzy : LHP Wilbert Cooper
Pitching: LHP Wilbert Cooper
Batting: RHB Jesús Villalobos 0-0: Ball
1-0: Swinging Strike
1-1: Ground out 5-3 (Groundball, 5)
Batting: SHB Howard Parker 0-0: Ball
1-0: Ball
2-0: Fly out, F8 (Flyball, 8LS)
Batting: LHB Don Ramey 0-0: Ball
1-0: Called Strike
1-1: Fly out, F8 (Flyball, 8LD)
Top of the 1st over - 0 run(s), 0 hit(s), 0 error(s), 0 left on base; Nassau 0 - Niagara Falls 0
BOTTOM OF THE 1ST
Niagara Falls Frenzy batting - Pitching for Nassau Rockets : LHP Rod Adams
Pitching: LHP Rod Adams
Batting: RHB Kel Pierce 0-0: Called Strike
0-1: Foul Ball, location: 2F
0-2: Fly out, F8 (Line Drive, 89S)
Batting: RHB Tomás Estrada 0-0: Ball
1-0: Swinging Strike
1-1: Ball
2-1: Ball
3-1: Foul Ball, location: 2F
3-2: Fly out, F9 (Flyball, 9LS)
Batting: LHB Clyde Yarbrough 0-0: Ball
1-0: SOLO HOME RUN (Flyball, 9LD), Distance : 420 ft
Batting: RHB Zander Tremblett 0-0: Foul Ball, location: 2F
0-1: Ball
1-1: Called Strike
1-2: Ball
2-2: Ball
3-2: Foul Ball, location: 2F
3-2: Base on Balls
Batting: SHB Martín De Jesús 0-0: Ball
1-0: Ball
2-0: Called Strike
2-1: Ball
3-1: Foul Ball, location: 2F
3-2: Base on Balls
Zander Tremblett to second
Batting: RHB Troy Lau 0-0: Called Strike
0-1: 3-RUN HOME RUN (Line Drive, 7D), Distance : 398 ft
Batting: RHB Jung-ha Kim 0-0: Foul Ball, location: 2F
0-1: Foul Ball, location: 2F
0-2: Ball
1-2: DOUBLE (Flyball, 8LXD)
Batting: RHB Anastasio Villa 0-0: Ball
1-0: Ball
2-0: Swinging Strike
2-1: Swinging Strike
2-2: Strikes out swinging
Bottom of the 1st over - 4 run(s), 3 hit(s), 0 error(s), 1 left on base; Nassau 0 - Niagara Falls 4
TOP OF THE 2ND
Nassau Rockets batting - Pitching for Niagara Falls Frenzy : LHP Wilbert Cooper
Batting: RHB Kenji Kudo 0-0: Ball
1-0: Called Strike
1-1: Ball
2-1: Foul Ball, location: 2F
2-2: Ball
3-2: Strikes out swinging
Batting: SHB Chris Bennis 0-0: Called Strike
0-1: Ball
1-1: Foul Ball, location: 2F
1-2: Ball
2-2: Strikes out swinging
Batting: RHB Brant Sherman 0-0: Ball
1-0: Fly out, F8 (Flyball, 8LM)
Top of the 2nd over - 0 run(s), 0 hit(s), 0 error(s), 0 left on base; Nassau 0 - Niagara Falls 4
BOTTOM OF THE 2ND
Niagara Falls Frenzy batting - Pitching for Nassau Rockets : LHP Rod Adams
Batting: SHB Héctor Padilla 0-0: Called Strike
0-1: Foul Ball, location: 2F
0-2: Strikes out looking
Batting: RHB Kel Pierce 0-0: Ball
1-0: Ball
2-0: Ball
3-0: Called Strike
3-1: SINGLE (Line Drive, 56D)
Batting: RHB Tomás Estrada 0-0: Called Strike
0-1: Ball
1-1: Called Strike
1-2: Foul Ball, location: 2F
1-2: Foul Ball, location: 2F
1-2: Ball
2-2: Ball
Kel Pierce is caught stealing 2nd base
3-2: Fly out, F2 (Popup, 15)
Bottom of the 2nd over - 0 run(s), 1 hit(s), 0 error(s), 0 left on base; Nassau 0 - Niagara Falls 4
TOP OF THE 3RD
Nassau Rockets batting - Pitching for Niagara Falls Frenzy : LHP Wilbert Cooper
Batting: SHB Edgardo Osorio 0-0: SINGLE (Groundball, 3D)
Batting: LHB Juan Romero 0-0: Fielders Choice at 2nd, 5-4 (Groundball, 56)
Batting: RHB Yaichiro Sugahara 0-0: Swinging Strike
0-1: Ball
1-1: Fly out, F8 (Flyball, 8RM)
Batting: RHB Jesús Villalobos 0-0: Called Strike
0-1: Called Strike
0-2: Foul Ball, location: 2F
0-2: Foul Ball, location: 2F
0-2: Ball
1-2: Foul Ball, location: 2F
1-2: Ball
2-2: Fly out, F9 (Flyball, 9)
Top of the 3rd over - 0 run(s), 1 hit(s), 0 error(s), 1 left on base; Nassau 0 - Niagara Falls 4
BOTTOM OF THE 3RD
Niagara Falls Frenzy batting - Pitching for Nassau Rockets : LHP Rod Adams
Batting: LHB Clyde Yarbrough 0-0: Ground out U3 (Groundball, 34S)
Batting: RHB Zander Tremblett 0-0: Called Strike
0-1: Foul Ball, location: 2F
0-2: Fly out, F8 (Line Drive, 8LM)
Batting: SHB Martín De Jesús 0-0: Ball
1-0: SINGLE (Groundball, 3D)
Batting: RHB Troy Lau 0-0: Ball
1-0: Ball
2-0: Called Strike
2-1: Called Strike
2-2: Fielders Choice at 2nd, 6-4 (Groundball, 6)
Bottom of the 3rd over - 0 run(s), 1 hit(s), 0 error(s), 0 left on base; Nassau 0 - Niagara Falls 4
TOP OF THE 4TH
Nassau Rockets batting - Pitching for Niagara Falls Frenzy : LHP Wilbert Cooper
Batting: SHB Howard Parker 0-0: Ball
1-0: Called Strike
1-1: SINGLE (Groundball, 4S) (infield hit)
Batting: LHB Don Ramey 0-0: Ball
Throwing error on steal attempt, E2
Howard Parker to third
1-0: Called Strike
1-1: Swinging Strike
1-2: Ball
2-2: DOUBLE (Line Drive, 7LS)
Howard Parker scores
Batting: RHB Kenji Kudo 0-0: Ball
1-0: Called Strike
1-1: SINGLE (Line Drive, 6D)
Don Ramey to third
Batting: SHB Chris Bennis 0-0: Foul Ball, location: 2F
0-1: Foul Ball, location: 2F
0-2: Grounds into double play, 3-6-4 (Groundball, 34)
Don Ramey scores
Batting: RHB Brant Sherman 0-0: Ball
1-0: SINGLE (Line Drive, 56)
Batting: SHB Edgardo Osorio 0-0: Called Strike
0-1: Ball
Brant Sherman steals 2nd base
1-1: Fly out, F5 (Popup, 56)
Top of the 4th over - 2 run(s), 4 hit(s), 1 error(s), 1 left on base; Nassau 2 - Niagara Falls 4
BOTTOM OF THE 4TH
Niagara Falls Frenzy batting - Pitching for Nassau Rockets : LHP Rod Adams
Batting: RHB Jung-ha Kim 0-0: Ground out 5-3 (Groundball, 56)
Batting: RHB Anastasio Villa 0-0: Fly out, F8 (Flyball, 8LD)
Batting: SHB Héctor Padilla 0-0: Called Strike
0-1: Ball
1-1: Ball
2-1: Ball
3-1: Fly out, F8 (Flyball, 8LD)
Bottom of the 4th over - 0 run(s), 0 hit(s), 0 error(s), 0 left on base; Nassau 2 - Niagara Falls 4
TOP OF THE 5TH
Nassau Rockets batting - Pitching for Niagara Falls Frenzy : LHP Wilbert Cooper
Pitching: RHP Ed Calhoun
Batting: LHB Juan Romero 0-0: Ball
1-0: Ball
2-0: Foul Ball, location: 2F
2-1: Fly out, F3 (Popup, 3)
Batting: RHB Yaichiro Sugahara 0-0: Foul Ball, location: 2F
0-1: Called Strike
0-2: Foul Ball, location: 2F
0-2: Ball
1-2: Strikes out looking
Batting: RHB Jesús Villalobos 0-0: Ball
1-0: Swinging Strike
1-1: Ball
2-1: Foul Ball, location: 2F
2-2: Ball
3-2: Strikes out swinging
Top of the 5th over - 0 run(s), 0 hit(s), 0 error(s), 0 left on base; Nassau 2 - Niagara Falls 4
BOTTOM OF THE 5TH
Niagara Falls Frenzy batting - Pitching for Nassau Rockets : LHP Rod Adams
Pitching: RHP Bill Sampson
Batting: RHB Kel Pierce 0-0: Ball
1-0: Called Strike
1-1: Called Strike
1-2: Foul Ball, location: 2F
1-2: Ball
2-2: Foul Ball, location: 2F
2-2: Ball
3-2: Foul Ball, location: 2F
3-2: Base on Balls
Batting: RHB Tomás Estrada 0-0: Ball
1-0: Called Strike
1-1: Grounds into double play, 5-4-3 (Groundball, 56)
Batting: LHB Clyde Yarbrough 0-0: Ball
1-0: Ball
2-0: Called Strike
2-1: Ball
3-1: Foul Ball, location: 2F
3-2: Strikes out swinging
Bottom of the 5th over - 0 run(s), 0 hit(s), 0 error(s), 0 left on base; Nassau 2 - Niagara Falls 4
TOP OF THE 6TH
Nassau Rockets batting - Pitching for Niagara Falls Frenzy : RHP Ed Calhoun
Batting: SHB Howard Parker 0-0: Foul Ball, location: 2F
0-1: Ball
1-1: Called Strike
1-2: Foul Ball, location: 2F
1-2: Foul Ball, location: 2F
1-2: Fly out, F7 (Line Drive, 7)
Batting: LHB Don Ramey 0-0: Ball
1-0: Foul Ball, location: 2F
1-1: Called Strike
1-2: SINGLE (Groundball, 4D)
Batting: RHB Kenji Kudo 0-0: Ball
1-0: Foul Ball, location: 2F
1-1: SINGLE (Line Drive, 34D)
Don Ramey to second
Runner from 2nd tries for 3rd, SAFE, throw made to third
Kenji Kudo to second
Batting: SHB Chris Bennis 0-0: Swinging Strike
0-1: Swinging Strike
0-2: Strikes out swinging
Batting: RHB Brant Sherman 0-0: Ground out 6-3 (Groundball, 6)
Top of the 6th over - 0 run(s), 2 hit(s), 0 error(s), 2 left on base; Nassau 2 - Niagara Falls 4
BOTTOM OF THE 6TH
Niagara Falls Frenzy batting - Pitching for Nassau Rockets : RHP Bill Sampson
Batting: RHB Zander Tremblett 0-0: Called Strike
0-1: Ball
1-1: Called Strike
1-2: Strikes out swinging
Batting: SHB Martín De Jesús 0-0: Ball
1-0: Called Strike
1-1: Ball
2-1: Ball
3-1: Called Strike
3-2: Base on Balls
Batting: RHB Troy Lau 0-0: Called Strike
0-1: Ball
1-1: Swinging Strike
1-2: Strikes out swinging
Batting: RHB Jung-ha Kim 0-0: Called Strike
0-1: Ball
1-1: Foul Ball, location: 2F
1-2: Fielders Choice at 2nd, 5-4 (Groundball, 56)
Bottom of the 6th over - 0 run(s), 0 hit(s), 0 error(s), 0 left on base; Nassau 2 - Niagara Falls 4
TOP OF THE 7TH
Nassau Rockets batting - Pitching for Niagara Falls Frenzy : RHP Ed Calhoun
Batting: SHB Edgardo Osorio 0-0: Ball
1-0: Fly out, F3 (Line Drive, 34)
Batting: LHB Juan Romero 0-0: Called Strike
0-1: Ball
1-1: Foul Ball, location: 2F
1-2: Ball
2-2: Foul Ball, location: 2F
2-2: Ball
3-2: SINGLE (Groundball, 56) (infield hit)
Batting: RHB Yaichiro Sugahara 0-0: Called Strike
0-1: Ball
1-1: Fly out, F9 (Flyball, 89M)
Pinch Hitting: LHB Doug Thompson
Pitching: LHP Luke Brown 0-0: Called Strike
0-1: Ball
1-1: Ball
2-1: Fielders Choice at 2nd, 4-6 (Groundball, 4)
Top of the 7th over - 0 run(s), 1 hit(s), 0 error(s), 0 left on base; Nassau 2 - Niagara Falls 4
BOTTOM OF THE 7TH
Niagara Falls Frenzy batting - Pitching for Nassau Rockets : RHP Bill Sampson
Now at SS: Pete Harvey
Batting: RHB Anastasio Villa 0-0: Swinging Strike
0-1: Ball
1-1: Swinging Strike
1-2: Ball
2-2: Foul Ball, location: 2F
2-2: Ground out 6-3 (Groundball, 6M)
Batting: SHB Héctor Padilla 0-0: Ground out U3 (Groundball, 34)
Pinch Hitting: LHB Yasuhiko Onodera 0-0: Ball
1-0: Swinging Strike
1-1: Foul Ball, location: 2F
1-2: Foul Ball, location: 2F
1-2: SINGLE (Line Drive, 6)
Pinch Hitting: RHB Jorge Cora 0-0: Ball
1-0: Fielders Choice at 2nd, 6-4 (Groundball, 6)
Bottom of the 7th over - 0 run(s), 1 hit(s), 0 error(s), 0 left on base; Nassau 2 - Niagara Falls 4
TOP OF THE 8TH
Nassau Rockets batting - Pitching for Niagara Falls Frenzy : LHP Luke Brown
Now at 1B: Yasuhiko Onodera
Now at 2B: Ramiro Gámez
Pinch Hitting: RHB Soshu Nakamura 0-0: Called Strike
0-1: Ball
1-1: Foul Ball, location: 2F
1-2: Ball
2-2: DOUBLE (Line Drive, 9LM)
Pitching: RHP Ricardo Pérez
Batting: LHB Don Ramey 0-0: Ball
1-0: Swinging Strike
1-1: Ground out U3 (Groundball, 34)
Soshu Nakamura to third
Pinch Hitting: LHB Andrew Alvarado 0-0: Ball
1-0: Called Strike
1-1: Called Strike
1-2: Foul Ball, location: 2F
1-2: Ball
2-2: Ground out 5-3 (Groundball, 56S)
Soshu Nakamura scores
Pinch Hitting: LHB Wilson Allen 0-0: Called Strike
0-1: Ball
1-1: Fly out, F8 (Flyball, 8RD)
Top of the 8th over - 1 run(s), 1 hit(s), 0 error(s), 0 left on base; Nassau 3 - Niagara Falls 4
BOTTOM OF THE 8TH
Niagara Falls Frenzy batting - Pitching for Nassau Rockets : RHP Bill Sampson
Pitching: RHP Ju-choer Yi
Now at 1B: Wilson Allen
Now at 2B: Soshu Nakamura
Now in CF: Andrew Alvarado
Pinch Hitting: LHB Carter Sweet 0-0: Called Strike
0-1: Ground out U3 (Groundball, 34S)
Batting: RHB Zander Tremblett 0-0: Called Strike
0-1: Ball
1-1: Ground out 1-3 (Groundball, 15S)
Batting: LHB Mauro Díaz 0-0: Ball
1-0: Called Strike
1-1: Ball
2-1: Ground out 4-3 (Groundball, 4)
Bottom of the 8th over - 0 run(s), 0 hit(s), 0 error(s), 0 left on base; Nassau 3 - Niagara Falls 4
TOP OF THE 9TH
Nassau Rockets batting - Pitching for Niagara Falls Frenzy : RHP Ricardo Pérez
Pitching: RHP Esteban Juárez
Now in LF: Luther Stoffels
Batting: RHB Brant Sherman 0-0: Ball
1-0: Ground out 5-3 (Groundball, 56S)
Batting: LHB Bob Martin 0-0: Ball
1-0: Ground out 4-3 (Groundball, 4S)
Batting: LHB Juan Romero 0-0: Called Strike
0-1: SINGLE (Line Drive, 4MD)
Pinch Hitting: SHB Pepe Piña 0-0: Foul Ball, location: 2F
0-1: Ground out 4-3 (Groundball, 34)
Top of the 9th over - 0 run(s), 1 hit(s), 0 error(s), 1 left on base; Nassau 3 - Niagara Falls 4
Tuesday, August 8th, 2017 - OOTP Baseball 17.12 Build 75